Unix NetHack Version 5.0.0-0 post-release - last build May  4 2026 22:22:43 (774f63e81ad911689b3a0859ea89b322d5daca8d,branch:main).

Game began 2026-05-06 10:09:45, ended 2026-05-06 10:34:30.

246786432, chaotic female human Ranger

                                                    ------
                                                    |....|
                                                    |.....#
                                                    |F...|#
                                                    -.----#
                                                          ##
                                                           ##  --------------
                                                            #  |............|
                                                            #  |..@.........|
                                                            #  |.d..........|
                                                            ## |............|
                                                             # |<...........|
                                                             # |............|
                                                             ##.....-|--....|
                                                           ####|....|..|....|
                                                      ######   --------------

246786432 the Lookout        St:15 Dx:11 Co:15 In:13 Wi:14 Ch:7  Chaotic
Dlvl:4  $:43 HP:0(28) Pw:18(18) AC:7  Xp:3 T:1241 

Latest messages:
 What do you want to throw? [$bcdq or ?*] ?
 Never mind.
 There is nothing here to pick up.
 You see here 11 gold pieces.
 The little dog strikes at your displaced image and misses you!
 $ - 11 gold pieces (43 in total).
 The little dog strikes at your displaced image and misses you!
 The little dog strikes at your displaced image and misses you!
 The little dog strikes at your displaced image and misses you!
 The little dog strikes at your displaced image and misses you!
 The little dog bites!
 The little dog just misses!
 The little dog bites!
 The little dog bites!
 The little dog bites!
 You are beginning to feel hungry.
 What do you want to eat? [fkrs or ?*] ?
 Ulch - that meat was tainted!
 You feel deathly sick.
 (It must have died too long ago to be safe to eat.)
 The little dog strikes at your displaced image and misses you!
 The little dog bites!
 Are you sure you want to pray? [yn] (n) y
 You begin praying to Mars.
 You are surrounded by a shimmering light.
 The little dog starts to attack you, but pulls back.
 The little dog starts to attack you, but pulls back.
 The little dog starts to attack you, but pulls back.
 The little dog starts to attack you, but pulls back.
 The little dog starts to attack you, but pulls back.
 The little dog starts to attack you, but pulls back.
 You finish your prayer.
 You feel that Mars is well-pleased.
 You feel better.
 What do you want to eat? [fks or ?*] ?
 This food really hits the spot!
 The little dog bites!
 You stop eating the food ration.
 The little dog strikes at your displaced image and misses you!
 The little dog bites!
 The little dog bites!
 The little dog bites!
 You hit the little dog.
 The little dog bites!
 You die...
 Do you want your possessions identified? [ynq] (y) y
 Do you want to see your attributes? [ynq] (y) y
 Do you want an account of creatures vanquished? [ynaq] (y) y
 Do you want to see your conduct and achievements? [ynq] (y) y
 Do you want to see the dungeon overview? [ynq] (y) y

Inventory:
 Coins    ('$')
  $ - 43 gold pieces
 Weapons  (')')
  c - 54 +2 arrows (in quiver)
  q - a +2 arrow
  d - 30 +0 arrows (wielded)
  b - a +1 bow (alternate weapon; not wielded)
 Armor    ('[')
  e - an uncursed +2 cloak of displacement (being worn)
 Comestibles  ('%')
  f - 4 uncursed cram rations
  k - an uncursed partly eaten food ration
  s - an uncursed partly eaten jackal corpse
 Potions  ('!')
  p - an uncursed potion of gain level
  j - an uncursed potion of healing
 Rings    ('=')
  i - an uncursed ring of fire resistance
 Boulders/Statues  ('`')
  l - an empty uncursed statue of a jackal

246786432 the Ranger's attributes:

Background:
 You were a Lookout, a level 3 female human Ranger.
 You were chaotic, on a mission for Mars
 who was opposed by Mercury (lawful) and Venus (neutral).
 You were left-handed.
 You were in the Dungeons of Doom, on level 4.
 You entered the dungeon 1241 turns ago.
 You had 51 experience points, 29 more were needed to attain level 4.

Basics:
 You had 0 out of 28 hit points.
 You had all 18 energy points (spell power).
 Your armor class was 7.
 Your wallet contained 43 zorkmids.
 Autopickup was off.

Final Characteristics:
 Your strength was 15 (limit:18/100).
 Your dexterity was 11 (limit:18).
 Your constitution was 15 (limit:18).
 Your intelligence was 13 (limit:18).
 Your wisdom was 14 (limit:18).
 Your charisma was 7 (limit:18).

Final Status:
 You weren't hungry.
 You were unencumbered.
 You were wielding arrows.

Final Attributes:
 You were devoutly aligned.
 You had automatic searching.
 You were displaced.
 You were warded.
 You are dead.

Miscellaneous:
 You didn't encounter any bones levels.
 Total elapsed playing time was 24 minutes and 41 seconds.

Major events:
 Turn
    1: 246786432 the chaotic female human Ranger entered the dungeon
  686: entered the Gnomish Mines
  939: attained the rank of Lookout (level 3)
 1241: killed by a little dog

You didn't know any spells.

Skills:
 Fighting Skills
   bare handed combat [Unskilled]
   riding             [Unskilled]
 Weapon Skills
   dagger             [Basic]
   knife              [Unskilled]
   axe                [Unskilled]
   pick-axe           [Unskilled]
   short sword        [Unskilled]
   morning star       [Unskilled]
   flail              [Unskilled]
   hammer             [Unskilled]
   quarterstaff       [Unskilled]
   polearms           [Unskilled]
   spear              [Unskilled]
   trident            [Unskilled]
   bow                [Basic]
   sling              [Unskilled]
   crossbow           [Unskilled]
   dart               [Unskilled]
   shuriken           [Unskilled]
   boomerang          [Unskilled]
   whip               [Unskilled]
 Spellcasting Skills
   healing spells     [Unskilled]
   divination spells  [Unskilled]
   escape spells      [Unskilled]

Voluntary challenges:
 Character rerolling was not enabled.
 You were illiterate.
 You never genocided any monsters.
 You never polymorphed an object.
 You never changed form.
 You used no wishes.
Achievements:
 You entered the Gnomish Mines.
 You entered a shop.
 You attained the rank of Lookout.

 The Dungeons of Doom: levels 1 to 4
    Level 1:
       Some fountains, a sink.
    Level 2:
       A bookstore, a grave.
       Stairs down to The Gnomish Mines.
    Level 3:
       A fountain.
    Level 4: <- You were here.
       Final resting place for
          you, killed by a little dog.
 The Gnomish Mines:
    Level 3:


Vanquished creatures:
 an acid blob
  4 giant rats
  a gnome
  a gecko
  4 jackals
  a kobold
  7 grid bugs
  a lichen
  3 kobold zombies
  7 newts
30 creatures vanquished.

No species were genocided or became extinct.

Game over:
                       ----------
                      /          \
                     /    REST    \
                    /      IN      \
                   /     PEACE      \
                  /                  \
                  |    246786432     |
                  |      43 Au       |
                  |   killed by a    |
                  |    little dog    |
                  |                  |
                  |                  |
                  |       2026       |
                 *|     *  *  *      | *
        _________)/\\_//(\/(/\)/\//\/|_)_______

Goodbye 246786432 the Ranger...

You died in The Dungeons of Doom on dungeon level 4 with 393 points,
and 43 pieces of gold, after 1241 moves.
You were level 3 with a maximum of 28 hit points when you died.

